| TOP OF THE 1ST |
|
Mahoning Valley Scrappers batting - Pitching for Minnesota (NYP) Twins : RHP Glen Dutton
|
|
Pitching: RHP Glen Dutton
|
|
|
Batting: RHB Ricky Cordova
|
0-0: Ball 1-0: Ball 2-0: DOUBLE (Line Drive, 8RXD, EV 114.4 MPH)
|
|
Batting: RHB Leo Candelas
|
0-0: Ball 1-0: Ball 2-0: Foul Ball, location: 2F 2-1: Foul Ball, location: 2F 2-2: Strikes out swinging
|
|
Batting: LHB Dave Key
|
0-0: Called Strike 0-1: Fly out, F7 (Flyball, 78S, EV 93.1 MPH)
|
|
Batting: LHB Matt Steinke
|
0-0: Ball 1-0: Ball 2-0: Ball 3-0: Base on Balls
|
|
Batting: RHB John Shaffer
|
0-0: Ball 1-0: Called Strike 1-1: Foul Ball, location: 2F 1-2: Ground out 4-3 (Groundball, 4, EV 80.6 MPH)
|
| Top of the 1st over - 0 runs, 1 hit, 0 errors, 2 left on base; Mahoning Valley 0 - Minnesota (NYP) 0 |
| BOTTOM OF THE 1ST |
|
Minnesota (NYP) Twins batting - Pitching for Mahoning Valley Scrappers : LHP Tony Flores
|
|
Pitching: LHP Tony Flores
|
|
|
Batting: RHB David McClellan
|
0-0: SINGLE (Groundball, 6MD, EV 96.2 MPH)
|
|
Batting: RHB Sergio Gomez
|
0-0: Ball 1-0: Called Strike David McClellan steals 2nd base 1-1: Ball 2-1: Swinging Strike 2-2: Foul Ball, location: 2F 2-2: Strikes out swinging
|
|
Batting: LHB Tomas Espino
|
0-0: Ball 1-0: Ball 2-0: Called Strike 2-1: Ball 3-1: Swinging Strike 3-2: Foul Ball, location: 2F 3-2: Strikes out swinging
|
|
Batting: RHB Steve Terrell
|
0-0: Swinging Strike 0-1: Called Strike 0-2: Foul Ball, location: 2F 0-2: Ball 1-2: Strikes out swinging
|
| Bottom of the 1st over - 0 runs, 1 hit, 0 errors, 1 left on base; Mahoning Valley 0 - Minnesota (NYP) 0 |
| TOP OF THE 2ND |
|
Mahoning Valley Scrappers batting - Pitching for Minnesota (NYP) Twins : RHP Glen Dutton
|
|
Batting: RHB Eric Kuck
|
0-0: Called Strike 0-1: Ball 1-1: Swinging Strike 1-2: Ball 2-2: Ball 3-2: Base on Balls
|
|
Batting: RHB Aaron Stout
|
0-0: Ball 1-0: Ball 2-0: Called Strike 2-1: Called Strike 2-2: Strikes out swinging
|
|
Batting: RHB Leo Villa
|
0-0: Ball 1-0: Ball 2-0: Fly out, F9 (Flyball, 9LD, EV 106.2 MPH)
|
|
Batting: RHB Juan Ordonez
|
0-0: Called Strike 0-1: Ball 1-1: Swinging Strike 1-2: Foul Ball, location: 2F 1-2: Foul Ball, location: 2F 1-2: Strikes out swinging
|
| Top of the 2nd over - 0 runs, 0 hits, 0 errors, 1 left on base; Mahoning Valley 0 - Minnesota (NYP) 0 |
| BOTTOM OF THE 2ND |
|
Minnesota (NYP) Twins batting - Pitching for Mahoning Valley Scrappers : LHP Tony Flores
|
|
Batting: LHB Ryuuichi Shintani
|
0-0: Ball 1-0: Foul Ball, location: 2F 1-1: Foul Ball, location: 2F 1-2: Strikes out swinging
|
|
Batting: RHB Alexandre Garcia
|
0-0: Ball 1-0: Ball 2-0: Swinging Strike 2-1: Ball 3-1: Base on Balls
|
|
Batting: LHB Jose Hilario
|
0-0: Called Strike Alexandre Garcia steals 2nd, throwing error, E2 Alexandre Garcia to third 0-1: Ball 1-1: DOUBLE (Line Drive, 89D, EV 106.2 MPH) Alexandre Garcia scores
|
|
Batting: RHB Ioan Biros
|
0-0: Reached on error, E6 (Groundball, 6S, EV 83.8 MPH) Jose Hilario scores
|
|
Batting: LHB Ben Roth
|
0-0: Swinging Strike 0-1: Foul Ball, location: 2F 0-2: Ball 1-2: Strikes out swinging
|
|
Batting: RHB David McClellan
|
0-0: Ball 1-0: Ball 2-0: Called Strike 2-1: Ball 3-1: SINGLE (Groundball, 56S, EV 74.4 MPH) (infield hit) Ioan Biros to third
|
|
Batting: RHB Sergio Gomez
|
0-0: Foul Ball, location: 2F 0-1: Ball 1-1: Called Strike 1-2: Ball 2-2: Ball 3-2: Strikes out swinging
|
| Bottom of the 2nd over - 2 runs, 2 hits, 2 errors, 2 left on base; Mahoning Valley 0 - Minnesota (NYP) 2 |
| TOP OF THE 3RD |
|
Mahoning Valley Scrappers batting - Pitching for Minnesota (NYP) Twins : RHP Glen Dutton
|
|
Batting: RHB Ricky Cordova
|
0-0: Ball 1-0: Swinging Strike 1-1: Foul Ball, location: 2F 1-2: Foul Ball, location: 2F 1-2: Ball 2-2: Strikes out looking
|
|
Batting: RHB Leo Candelas
|
0-0: Called Strike 0-1: Swinging Strike 0-2: Strikes out swinging
|
|
Batting: LHB Dave Key
|
0-0: Foul Ball, location: 2F 0-1: Foul Ball, location: 2F 0-2: Ground out 4-3 (Groundball, 4, EV 82.5 MPH)
|
| Top of the 3rd over - 0 runs, 0 hits, 0 errors, 0 left on base; Mahoning Valley 0 - Minnesota (NYP) 2 |
| BOTTOM OF THE 3RD |
|
Minnesota (NYP) Twins batting - Pitching for Mahoning Valley Scrappers : LHP Tony Flores
|
|
Batting: LHB Tomas Espino
|
0-0: Fly out, F6 (Popup, 6, EV 58.8 MPH)
|
|
Batting: RHB Steve Terrell
|
0-0: Ground out 6-3 (Groundball, 6, EV 101.9 MPH)
|
|
Batting: LHB Ryuuichi Shintani
|
0-0: Fly out, F8 (Flyball, 8RD, EV 105.6 MPH)
|
| Bottom of the 3rd over - 0 runs, 0 hits, 0 errors, 0 left on base; Mahoning Valley 0 - Minnesota (NYP) 2 |
| TOP OF THE 4TH |
|
Mahoning Valley Scrappers batting - Pitching for Minnesota (NYP) Twins : RHP Glen Dutton
|
|
Batting: LHB Matt Steinke
|
0-0: Called Strike 0-1: Swinging Strike 0-2: Strikes out swinging
|
|
Batting: RHB John Shaffer
|
0-0: Ground out 4-3 (Groundball, 4, EV 81.9 MPH)
|
|
Batting: RHB Eric Kuck
|
0-0: Foul Ball, location: 2F 0-1: Swinging Strike 0-2: Strikes out swinging
|
| Top of the 4th over - 0 runs, 0 hits, 0 errors, 0 left on base; Mahoning Valley 0 - Minnesota (NYP) 2 |
| BOTTOM OF THE 4TH |
|
Minnesota (NYP) Twins batting - Pitching for Mahoning Valley Scrappers : LHP Tony Flores
|
|
Batting: RHB Alexandre Garcia
|
0-0: Swinging Strike 0-1: Foul Ball, location: 2F 0-2: Hit by Pitch
|
|
Batting: LHB Jose Hilario
|
0-0: Ball 1-0: Ball Alexandre Garcia steals 2nd base 2-0: Foul Ball, location: 2F 2-1: Foul Ball, location: 2LF, Error on foul ball, E2 2-2: Foul Ball, location: 2F 2-2: Ball 3-2: Base on Balls
|
|
Batting: RHB Ioan Biros
|
0-0: Swinging Strike 0-1: Ball 1-1: Ball 2-1: Foul Ball, location: 2F 2-2: Strikes out swinging
|
|
Batting: LHB Ben Roth
|
0-0: Swinging Strike 0-1: Swinging Strike 0-2: Ball 1-2: Strikes out swinging
|
|
Batting: RHB David McClellan
|
0-0: Ground out 4-3 (Groundball, 34, EV 103.8 MPH)
|
| Bottom of the 4th over - 0 runs, 0 hits, 1 error, 2 left on base; Mahoning Valley 0 - Minnesota (NYP) 2 |
| TOP OF THE 5TH |
|
Mahoning Valley Scrappers batting - Pitching for Minnesota (NYP) Twins : RHP Glen Dutton
|
|
Batting: RHB Aaron Stout
|
0-0: Ball 1-0: Ball 2-0: Foul Ball, location: 2F 2-1: Ball 3-1: Foul Ball, location: 2F 3-2: Strikes out looking
|
|
Batting: RHB Leo Villa
|
0-0: Foul Ball, location: 2F 0-1: Foul Ball, location: 2F 0-2: Strikes out swinging
|
|
Batting: RHB Juan Ordonez
|
0-0: Called Strike 0-1: Ball 1-1: Fly out, F5 (Popup, 56S, EV 65.0 MPH)
|
| Top of the 5th over - 0 runs, 0 hits, 0 errors, 0 left on base; Mahoning Valley 0 - Minnesota (NYP) 2 |
| BOTTOM OF THE 5TH |
|
Minnesota (NYP) Twins batting - Pitching for Mahoning Valley Scrappers : LHP Tony Flores
|
|
Batting: RHB Sergio Gomez
|
0-0: Called Strike 0-1: Swinging Strike 0-2: Ball 1-2: Ball 2-2: Foul Ball, location: 2F 2-2: Foul Ball, location: 2F 2-2: Ball 3-2: Strikes out swinging
|
|
Batting: LHB Tomas Espino
|
0-0: Foul Ball, location: 2F 0-1: Ground out U3 (Groundball, 3, EV 90.0 MPH)
|
|
Batting: RHB Steve Terrell
|
0-0: Ball 1-0: Ground out 5-3 (Groundball, 56, EV 86.2 MPH)
|
| Bottom of the 5th over - 0 runs, 0 hits, 0 errors, 0 left on base; Mahoning Valley 0 - Minnesota (NYP) 2 |
| TOP OF THE 6TH |
|
Mahoning Valley Scrappers batting - Pitching for Minnesota (NYP) Twins : RHP Glen Dutton
|
|
Batting: RHB Ricky Cordova
|
0-0: Ball 1-0: Foul Ball, location: 2F 1-1: Called Strike 1-2: Foul Ball, location: 2F 1-2: DOUBLE (Line Drive, 78D, EV 101.2 MPH)
|
|
Batting: RHB Leo Candelas
|
0-0: Swinging Strike 0-1: Called Strike 0-2: Strikes out swinging
|
|
Batting: LHB Dave Key
|
0-0: Swinging Strike 0-1: Foul Ball, location: 2F 0-2: Ball 1-2: Ball 2-2: SINGLE (Groundball, 56D, EV 84.4 MPH) (infield hit) Ricky Cordova to third
|
|
Pitching: RHP Chad Brock
|
|
|
Batting: LHB Matt Steinke
|
0-0: Ball 1-0: Ball 2-0: Ball 3-0: Base on Balls Dave Key to second
|
|
Batting: RHB John Shaffer
|
0-0: Foul Ball, location: 2F 0-1: Ball 1-1: Fly out, F9 (Flyball, 89M, EV 90.6 MPH) Runner from 3rd tags up, OUT at HOME! 9-2
|
| Top of the 6th over - 0 runs, 2 hits, 0 errors, 2 left on base; Mahoning Valley 0 - Minnesota (NYP) 2 |
| BOTTOM OF THE 6TH |
|
Minnesota (NYP) Twins batting - Pitching for Mahoning Valley Scrappers : LHP Tony Flores
|
|
Batting: LHB Ryuuichi Shintani
|
0-0: Foul Ball, location: 2F 0-1: Foul Ball, location: 2F 0-2: SOLO HOME RUN (Flyball, 9LD, EV 92.5 MPH), Distance : 346 ft
|
|
Batting: RHB Alexandre Garcia
|
0-0: Ball 1-0: Called Strike 1-1: Foul Ball, location: 2F 1-2: Ball 2-2: Ball 3-2: Strikes out looking
|
|
Batting: LHB Jose Hilario
|
0-0: Ball 1-0: Called Strike 1-1: DOUBLE (Flyball, 8RXD, EV 92.5 MPH)
|
|
Batting: RHB Ioan Biros
|
0-0: Foul Ball, location: 2F 0-1: Called Strike 0-2: Strikes out looking
|
|
Batting: LHB Ben Roth
|
0-0: Ball 1-0: DOUBLE (Line Drive, 8RXD, EV 97.5 MPH) Jose Hilario scores
|
|
Pitching: RHP Jaime Salazar
|
|
|
Batting: RHB David McClellan
|
0-0: Ball 1-0: Called Strike 1-1: Called Strike 1-2: Foul Ball, location: 2F 1-2: Ground out 6-3 (Groundball, 6, EV 85.0 MPH)
|
| Bottom of the 6th over - 2 runs, 3 hits, 0 errors, 1 left on base; Mahoning Valley 0 - Minnesota (NYP) 4 |
| TOP OF THE 7TH |
|
Mahoning Valley Scrappers batting - Pitching for Minnesota (NYP) Twins : RHP Chad Brock
|
|
Batting: RHB Eric Kuck
|
0-0: Ball 1-0: Ball 2-0: Called Strike 2-1: Swinging Strike 2-2: Strikes out swinging
|
|
Batting: RHB Aaron Stout
|
0-0: Foul Ball, location: 2F 0-1: Ball 1-1: SINGLE (Line Drive, 34D, EV 97.5 MPH)
|
|
Batting: RHB Leo Villa
|
0-0: Ball Aaron Stout steals 2nd base 1-0: Swinging Strike 1-1: Called Strike 1-2: Strikes out looking
|
|
Pinch Hitting: RHB Gary Ming
|
0-0: Ball 1-0: Ball 2-0: Called Strike 2-1: Foul Ball, location: 2F 2-2: Ball 3-2: DOUBLE (Groundball, 3L, EV 100.0 MPH) Aaron Stout scores
|
|
Batting: RHB Ricky Cordova
|
0-0: Ball 1-0: Called Strike 1-1: Ball 2-1: Foul Ball, location: 2F 2-2: Ball 3-2: Foul Ball, location: 2F 3-2: Foul Ball, location: 2F 3-2: Ground out 5-3 (Groundball, 5, EV 94.4 MPH)
|
| Top of the 7th over - 1 run, 2 hits, 0 errors, 1 left on base; Mahoning Valley 1 - Minnesota (NYP) 4 |
| BOTTOM OF THE 7TH |
|
Minnesota (NYP) Twins batting - Pitching for Mahoning Valley Scrappers : RHP Jaime Salazar
|
|
Now in LF: Jason Roberts
|
|
|
Now in CF: Ricky Cordova
|
|
|
Batting: RHB Sergio Gomez
|
0-0: Foul Ball, location: 2F 0-1: Foul Ball, location: 2F 0-2: DOUBLE (Groundball, 5L, EV 106.9 MPH)
|
|
Batting: LHB Tomas Espino
|
0-0: Intentional Walk
|
|
Batting: RHB Steve Terrell
|
0-0: Foul Ball, location: 2F 0-1: Called Strike 0-2: Strikes out swinging
|
|
Batting: LHB Ryuuichi Shintani
|
0-0: Ball 1-0: Ball 2-0: Ball 3-0: Base on Balls Sergio Gomez to third Tomas Espino to second
|
|
Batting: RHB Alexandre Garcia
|
0-0: Swinging Strike 0-1: Ball 1-1: Grounds into fielders choice 5-2 (Groundball, 56S, EV 71.2 MPH) Tomas Espino to third Ryuuichi Shintani to second
|
|
Batting: LHB Jose Hilario
|
0-0: Foul Ball, location: 2F 0-1: Swinging Strike Balk! Tomas Espino scores Ryuuichi Shintani to third Alexandre Garcia to second 0-2: Foul Ball, location: 2F 0-2: Ball 1-2: Strikes out swinging
|
| Bottom of the 7th over - 1 run, 1 hit, 0 errors, 2 left on base; Mahoning Valley 1 - Minnesota (NYP) 5 |
| TOP OF THE 8TH |
|
Mahoning Valley Scrappers batting - Pitching for Minnesota (NYP) Twins : RHP Chad Brock
|
|
Pitching: RHP Cody Bryant
|
|
|
Batting: RHB Leo Candelas
|
0-0: Foul Ball, location: 2F 0-1: Ball 1-1: Ball 2-1: Foul Ball, location: 2F 2-2: SINGLE (Groundball, 6MD, EV 96.9 MPH)
|
|
Batting: LHB Dave Key
|
0-0: Ball 1-0: Called Strike 1-1: Grounds into double play, 5-4-3 (Groundball, 5S, EV 83.1 MPH)
|
|
Batting: LHB Matt Steinke
|
0-0: Ball 1-0: Ball 2-0: Fly out, F7 (Flyball, 7, EV 73.8 MPH)
|
| Top of the 8th over - 0 runs, 1 hit, 0 errors, 0 left on base; Mahoning Valley 1 - Minnesota (NYP) 5 |
| BOTTOM OF THE 8TH |
|
Minnesota (NYP) Twins batting - Pitching for Mahoning Valley Scrappers : RHP Jaime Salazar
|
|
Batting: RHB Ioan Biros
|
0-0: Called Strike 0-1: Foul Ball, location: 2F 0-2: Ball 1-2: Strikes out looking
|
|
Batting: LHB Ben Roth
|
0-0: Ball 1-0: Called Strike 1-1: Ball 2-1: Called Strike 2-2: Strikes out swinging
|
|
Batting: RHB David McClellan
|
0-0: Ball 1-0: Foul Ball, location: 2F 1-1: Called Strike 1-2: Strikes out swinging
|
| Bottom of the 8th over - 0 runs, 0 hits, 0 errors, 0 left on base; Mahoning Valley 1 - Minnesota (NYP) 5 |
| TOP OF THE 9TH |
|
Mahoning Valley Scrappers batting - Pitching for Minnesota (NYP) Twins : RHP Cody Bryant
|
|
Batting: RHB John Shaffer
|
0-0: Foul Ball, location: 2F 0-1: Called Strike 0-2: Ball 1-2: Strikes out swinging
|
|
Batting: RHB Eric Kuck
|
0-0: Ball 1-0: Called Strike 1-1: Ball 2-1: Ball 3-1: Called Strike 3-2: Fly out, F9 (Flyball, 9LD, EV 98.8 MPH)
|
|
Batting: RHB Aaron Stout
|
0-0: Ball 1-0: Ground out 4-3 (Groundball, 4, EV 98.1 MPH)
|
| Top of the 9th over - 0 runs, 0 hits, 0 errors, 0 left on base; Mahoning Valley 1 - Minnesota (NYP) 5 |
|